 Dungeon Crawl Stone Soup version 0.23.2-1-ga50397a (webtiles) character file.

Game seed: 5929646915667992958

21 Snek the Sneak (level 2, 28/28 HPs)
             Began as a Naga Monk on May 24, 2019.
             Quit the game on level 1 of the Dungeon.
             The game lasted 00:03:16 (594 turns).

Snek the Sneak (Naga Monk)                           Turns: 594, Time: 00:03:17

Health: 28/28      AC:  1    Str: 13    XL:     2   Next: 83%
Magic:  2/2        EV: 10    Int: 10    God:
Gold:   28         SH:  0    Dex: 13    Spells: 1/1 levels left

rFire    . . .     SeeInvis +   a - +0 spear
rCold    . . .     Gourm    .   (no shield)
rNeg     . . .     Faith    .   b - +0 robe
rPois    +         Spirit   .   (no helmet)
rElec    .         Reflect  .   (no cloak)
rCorr    .         Harm     .   (no gloves)
MR       .....                  (no barding)
Stlth    ++........             (no amulet)
HPRegen  0.09/turn              (no ring)
MPRegen  0.08/turn              (no ring)

@: very slow
A: large, see invisible, deformed body, poison resistance, slowness 2, slow
metabolism 1, spit poison 1, AC +0
a: Spit Poison


You were on level 1 of the Dungeon.
You were not hungry.

You visited 1 branch of the dungeon, and saw 1 of its levels.

You collected 28 gold pieces.

Inventory:

Hand Weapons
 a - a +0 spear (weapon)
Armour
 b - a +0 robe (worn)
 h - a cursed +0 leather armour
Jewellery
 i - a cursed amulet of inaccuracy {unknown}
Scrolls
 j - a scroll of enchant armour {unknown}
Potions
 d - 3 potions of degeneration {unknown}
 e - a potion of heal wounds {unknown}
 g - a potion of flight {unknown}
Comestibles
 c - a ration
 f - 5 chunks of flesh


   Skills:
 + Level 3.2 Fighting
 + Level 3.2 Polearms
 + Level 2.6 Dodging
 * Level 4.0 Stealth


You had one spell level left.
You didn't know any spells.
Your spell library was empty.

Dungeon Overview and Level Annotations

Branches:
Dungeon (1/15)

Altars:


Innate Abilities, Weirdness & Mutations

You cannot wear boots.
Your serpentine skin is tough. (AC +0)
You have supernaturally acute eyesight. (SInv)
Armour fits poorly on your strangely shaped body.
Your system is resistant to poisons. (rPois)
You cover ground very slowly.
You have a slow metabolism.
You can spit poison.


Message History

f - 5 chunks of flesh (gained 1)
You see here a bat skeleton.
j - a scroll labeled SASYFONYGG Some of the chunks of flesh in your inventory have rotted away.
A frilled lizard comes into view.
A frilled lizard is nearby!
Found 14 poisoned needles.
Press: ? - help, Shift-Dir - straight line, f - frilled lizard
Aim: a frilled lizard (resting)
The splash of poison hits the frilled lizard.
The frilled lizard is poisoned.
You kill the frilled lizard!
Your Stealth skill increases to level 4!
You feel slightly more hungry.
You have got your breath back.
You see here a frilled lizard corpse.
You butcher the frilled lizard corpse.
f - 5 chunks of flesh (gained 1)
You see here a frilled lizard skeleton.
Are you sure you want to abandon this character and quit the game? (Confirm with "yes".)

########.####### #.
#P≈≈≈≈#.#..PPP# #.
#P≈≈≈≈#.#...PP# #.
##P≈≈≈#.#...P# #.# #####
####P≈≈#.#P.P## #.#
#...### ..###PP#.#PP##
#######.####......
....####+####
#..............##. #.###
##.####...########. #..#
##.@.##.....# #. ##.###.#
#####.....##...## #.
)..÷...###.........###.##
#. ##.####............#
#.# #.
##.####.##.###...(## #.#
## .....##.##.# #.####
##'## #### ##.#.##.##.#
#.# ##...## #...
#.#.##.##.###.# ##.....##
#.## ##.#.##.##.#.#.#
##.......## #.#.


There were no monsters in sight!

Vanquished Creatures
  A dart slug (D:1)
  3 goblins (D:1)
  2 hobgoblins (D:1)
  3 kobolds (D:1)
  5 bats (D:1)
  A frilled lizard (D:1)
  4 rats (D:1)
19 creatures vanquished.

Notes
Turn   | Place    | Note
-------+----------+-------------------------------------------
     0 | D:1      | Snek the Naga Monk began the quest for the Orb.
     0 | D:1      | Reached XP level 1. HP: 21/21 MP: 1/1
    89 | D:1      | Reached XP level 2. HP: 15/28 MP: 2/2
   586 | D:1      | Reached skill level 4 in Stealth
   594 | D:1      | Quit the game

Skill      XL: |  1  2 |
---------------+-------+-----
Stealth        | 4 |  4.0
Fighting       | |  3.2
Polearms       | |  3.2
Dodging        | |  2.6

Action                   || total
-------------------------++-------
Melee: Spear             ||    25
 Abil: Spit Poison       ||    10
 Stab: Sleeping          ||     1
Armor: Robe              ||     4
Dodge: Dodged            ||     5
